BSA
HENDERSONVILLE HITMEN @ BAFFIN ISLAND BEAVERS
08/11/2024
 
TOP OF THE 1ST
Hendersonville Hitmen batting - Pitching for Baffin Island Beavers : RHP Thierry Garneau
Pitching: RHP Thierry Garneau
Batting: RHB Carlos García 0-0: Ball
1-0: Called Strike
1-1: Foul Ball, location: 2F
1-2: Foul Ball, location: 2F
1-2: Fly out, F9 (Flyball, 8RM)
Batting: LHB Pedro Padilla 0-0: Fly out, F7 (Line Drive, 7M)
Batting: RHB Manolo Román 0-0: Ball
1-0: Called Strike
1-1: Fly out, F8 (Flyball, 8LS)
Top of the 1st over - 0 run(s), 0 hit(s), 0 error(s), 0 left on base; Hendersonville 0 - Baffin Island 0
BOTTOM OF THE 1ST
Baffin Island Beavers batting - Pitching for Hendersonville Hitmen : RHP Carlos Hernández
Pitching: RHP Carlos Hernández
Batting: LHB Chris Bates 0-0: Ground out 5-3 (Groundball, 5S)
Batting: LHB Jeff Cole 0-0: Foul Ball, location: 2F
0-1: Ball
1-1: Fly out, F2 (Popup, 2LF)
Batting: SHB Alonso Ferreira 0-0: Ball
1-0: Ball
2-0: Called Strike
2-1: Foul Ball, location: 2F
2-2: Foul Ball, location: 2F
2-2: Foul Ball, location: 2F
2-2: Ball
3-2: Strikes out swinging
Bottom of the 1st over - 0 run(s), 0 hit(s), 0 error(s), 0 left on base; Hendersonville 0 - Baffin Island 0
TOP OF THE 2ND
Hendersonville Hitmen batting - Pitching for Baffin Island Beavers : RHP Thierry Garneau
Batting: LHB Lorenzo Villa 0-0: Foul Ball, location: 2F
0-1: Called Strike
0-2: Ball
1-2: Ground out 4-3 (Groundball, 4)
Batting: LHB Jerry Johnston 0-0: Ground out U3 (Groundball, 3)
Batting: SHB David Johnstone 0-0: Ball
1-0: Called Strike
1-1: Foul Ball, location: 2F
1-2: Fly out, F2 (Popup, 23F)
Top of the 2nd over - 0 run(s), 0 hit(s), 0 error(s), 0 left on base; Hendersonville 0 - Baffin Island 0
BOTTOM OF THE 2ND
Baffin Island Beavers batting - Pitching for Hendersonville Hitmen : RHP Carlos Hernández
Batting: LHB Jerry Bryan 0-0: Called Strike
0-1: Ball
1-1: Ball
2-1: Ball
3-1: Foul Ball, location: 2F
3-2: Base on Balls
Batting: RHB Tony Morton 0-0: Ball
1-0: Called Strike
1-1: Called Strike
1-2: Ball
2-2: Strikes out swinging
Batting: RHB José García 0-0: Ball
1-0: Fly out, F6 (Line Drive, 6MD)
Batting: RHB Mario López 0-0: Foul Ball, location: 2F
0-1: SINGLE (Groundball, 5D)
Jerry Bryan to second
Batting: LHB Victor Howard 0-0: Ball
1-0: Foul Ball, location: 2F
1-1: Called Strike
1-2: Ground out U3 (Groundball, 3S)
Bottom of the 2nd over - 0 run(s), 1 hit(s), 0 error(s), 2 left on base; Hendersonville 0 - Baffin Island 0
TOP OF THE 3RD
Hendersonville Hitmen batting - Pitching for Baffin Island Beavers : RHP Thierry Garneau
Batting: RHB Alonso Holguín 0-0: Called Strike
0-1: Swinging Strike
0-2: SINGLE (Groundball, 6MD)
Batting: RHB Junior Vargas 0-0: 2-RUN HOME RUN (Line Drive, 78D), Distance : 469 ft
Batting: RHB Taylor McFarland 0-0: Called Strike
0-1: Ball
1-1: SINGLE (Line Drive, 9S)
Batting: RHB Carlos García 0-0: Called Strike
Taylor McFarland steals 2nd base
0-1: Foul Ball, location: 2F
0-2: Ball
1-2: Fly out, F9 (Flyball, 9S)
Batting: LHB Pedro Padilla 0-0: Ball
1-0: Ball
2-0: Swinging Strike
2-1: Fly out, F9 (Flyball, 89D)
Runner from 2nd tags up, SAFE at 3rd, no throw
Batting: RHB Manolo Román 0-0: Ball
1-0: Called Strike
1-1: DOUBLE (Flyball, 7D)
Taylor McFarland scores
Batting: LHB Lorenzo Villa 0-0: Called Strike
0-1: Ball
1-1: Ball
2-1: SINGLE (Groundball, 4MD)
Manolo Román to third
Runner from 3rd tries for Home, SAFE, no throw or cutoff
Batting: LHB Jerry Johnston 0-0: Fly out, F7 (Flyball, 7D)
Top of the 3rd over - 4 run(s), 5 hit(s), 0 error(s), 1 left on base; Hendersonville 4 - Baffin Island 0
BOTTOM OF THE 3RD
Baffin Island Beavers batting - Pitching for Hendersonville Hitmen : RHP Carlos Hernández
Batting: RHB Bill Mark 0-0: Fly out, F8 (Popup, 8LS)
Batting: LHB Chris Bates 0-0: Swinging Strike
0-1: Ball
1-1: Foul Ball, location: 2F
1-2: SOLO HOME RUN (Line Drive, 9D), Distance : 424 ft
Batting: LHB Jeff Cole 0-0: DOUBLE (Line Drive, 7LM)
Batting: SHB Alonso Ferreira 0-0: Foul Ball, location: 2F
0-1: Fly out, F5 (Popup, 5F)
Batting: LHB Jerry Bryan 0-0: Ball
1-0: Ball
2-0: SINGLE (Groundball, 34)
Jeff Cole to third
Runner from 3rd tries for Home, SAFE, no throw or cutoff
Batting: RHB Tony Morton 0-0: Called Strike
0-1: Foul Ball, location: 2F
0-2: Ground out 4-3 (Groundball, 4)
Bottom of the 3rd over - 2 run(s), 3 hit(s), 0 error(s), 1 left on base; Hendersonville 4 - Baffin Island 2
TOP OF THE 4TH
Hendersonville Hitmen batting - Pitching for Baffin Island Beavers : RHP Thierry Garneau
Batting: SHB David Johnstone 0-0: Ball
1-0: Called Strike
1-1: Ball
2-1: Swinging Strike
2-2: Strikes out swinging
Batting: RHB Alonso Holguín 0-0: Called Strike
0-1: Reached on Error, E1 (Popup, 23)
Batting: RHB Junior Vargas 0-0: SINGLE (Line Drive, 7S)
Alonso Holguín to second
Batting: RHB Taylor McFarland 0-0: Fly out, F9 (Popup, 4D)
Batting: RHB Carlos García 0-0: Ball
1-0: Called Strike
1-1: Called Strike
1-2: Strikes out swinging
Top of the 4th over - 0 run(s), 1 hit(s), 1 error(s), 2 left on base; Hendersonville 4 - Baffin Island 2
BOTTOM OF THE 4TH
Baffin Island Beavers batting - Pitching for Hendersonville Hitmen : RHP Carlos Hernández
Batting: RHB José García 0-0: SINGLE (Line Drive, 9S)
Batting: RHB Mario López 0-0: Ball
1-0: Called Strike
1-1: Ball
2-1: Grounds into double play, 5-4-3 (Groundball, 56)
Batting: LHB Victor Howard 0-0: Called Strike
0-1: Swinging Strike
0-2: Ball
1-2: Foul Ball, location: 2F
1-2: Ball
2-2: Ball
3-2: Reached on error, E6 (Groundball, 6M)
Batting: RHB Bill Mark 0-0: Called Strike
0-1: Ball
1-1: Fly out, F3 (Popup, 9LSF)
Bottom of the 4th over - 0 run(s), 1 hit(s), 1 error(s), 1 left on base; Hendersonville 4 - Baffin Island 2
TOP OF THE 5TH
Hendersonville Hitmen batting - Pitching for Baffin Island Beavers : RHP Thierry Garneau
Batting: LHB Pedro Padilla 0-0: Called Strike
0-1: Called Strike
0-2: Strikes out swinging
Batting: RHB Manolo Román 0-0: Called Strike
0-1: Foul Ball, location: 2F
0-2: Ball
1-2: Strikes out looking
Batting: LHB Lorenzo Villa 0-0: Ball
1-0: Foul Ball, location: 2F
1-1: Ground out 1-3 (Groundball, 13)
Top of the 5th over - 0 run(s), 0 hit(s), 0 error(s), 0 left on base; Hendersonville 4 - Baffin Island 2
BOTTOM OF THE 5TH
Baffin Island Beavers batting - Pitching for Hendersonville Hitmen : RHP Carlos Hernández
Batting: LHB Chris Bates 0-0: Foul Ball, location: 2F
0-1: Ball
1-1: Foul Ball, location: 2F
1-2: Foul Ball, location: 2F
1-2: Foul Ball, location: 2F
1-2: Fly out, F9 (Line Drive, 9M)
Batting: LHB Jeff Cole 0-0: Swinging Strike
0-1: Ball
1-1: Foul Ball, location: 2F
1-2: Ball
2-2: Ground out 4-3 (Groundball, 4S)
Batting: SHB Alonso Ferreira 0-0: Ball
1-0: Swinging Strike
1-1: Ball
2-1: DOUBLE (Groundball, 3D)
Batting: LHB Jerry Bryan 0-0: Called Strike
0-1: Ball
1-1: Ball
2-1: Ball
3-1: Swinging Strike
3-2: Foul Ball, location: 2F
3-2: Foul Ball, location: 2F
3-2: Ground out U3 (Groundball, 3)
Bottom of the 5th over - 0 run(s), 1 hit(s), 0 error(s), 1 left on base; Hendersonville 4 - Baffin Island 2
TOP OF THE 6TH
Hendersonville Hitmen batting - Pitching for Baffin Island Beavers : RHP Thierry Garneau
Batting: LHB Jerry Johnston 0-0: Called Strike
0-1: Ball
1-1: Ball
2-1: Ball
3-1: DOUBLE (Flyball, 78XD)
Batting: SHB David Johnstone 0-0: Intentional Walk
Batting: RHB Alonso Holguín 0-0: Foul Ball, location: 2F
0-1: Fly out, F9 (Line Drive, 89M)
Batting: RHB Junior Vargas 0-0: SINGLE (Line Drive, 6M)
Jerry Johnston to third
David Johnstone to second
Batting: RHB Taylor McFarland 0-0: Ball
1-0: Ball
2-0: Foul Ball, location: 2F
2-1: Fly out, F3 (Popup, 3F)
Batting: RHB Carlos García 0-0: Ground out U3 (Groundball, 3S)
Top of the 6th over - 0 run(s), 2 hit(s), 0 error(s), 3 left on base; Hendersonville 4 - Baffin Island 2
BOTTOM OF THE 6TH
Baffin Island Beavers batting - Pitching for Hendersonville Hitmen : RHP Carlos Hernández
Pitching: LHP Alfonso Ramos
Batting: RHB Tony Morton 0-0: Foul Ball, location: 2F
0-1: Ball
1-1: Ball
2-1: Ball
3-1: Called Strike
3-2: Strikes out swinging
Batting: RHB José García 0-0: Ball
1-0: Called Strike
1-1: DOUBLE (Flyball, 78D)
Batting: RHB Mario López 0-0: Ground out 6-3 (Groundball, 6)
José García to third
Batting: LHB Victor Howard 0-0: Ball
1-0: Foul Ball, location: 2F
1-1: Called Strike
1-2: Strikes out swinging
Bottom of the 6th over - 0 run(s), 1 hit(s), 0 error(s), 1 left on base; Hendersonville 4 - Baffin Island 2
TOP OF THE 7TH
Hendersonville Hitmen batting - Pitching for Baffin Island Beavers : RHP Thierry Garneau
Batting: LHB Pedro Padilla 0-0: Ball
1-0: Ball
2-0: Called Strike
2-1: Swinging Strike
2-2: Ground out U3 (Groundball, 3L)
Batting: RHB Manolo Román 0-0: Ball
1-0: Foul Ball, location: 2F
1-1: Swinging Strike
1-2: Foul Ball, location: 2F
1-2: Foul Ball, location: 2F
1-2: Ball
2-2: Foul Ball, location: 2F
2-2: Foul Ball, location: 2F
2-2: SINGLE (Flyball, 8RS)
Pitching: LHP Thomas Heath
Batting: LHB Lorenzo Villa 0-0: Called Strike
0-1: Foul Ball, location: 2F
0-2: Foul Ball, location: 2F
0-2: Ball
1-2: Foul Ball, location: 2F
1-2: Ball
2-2: Ball
3-2: Hit by Pitch
Manolo Román to second
Pitching: LHP Manuel Parra
Batting: LHB Jerry Johnston 0-0: Ball
1-0: Called Strike
1-1: Called Strike
1-2: Ball
2-2: Ball
3-2: Grounds into double play, 4-6-3 (Groundball, 4)
Top of the 7th over - 0 run(s), 1 hit(s), 0 error(s), 1 left on base; Hendersonville 4 - Baffin Island 2
BOTTOM OF THE 7TH
Baffin Island Beavers batting - Pitching for Hendersonville Hitmen : LHP Alfonso Ramos
Batting: RHB Bill Mark 0-0: Ball
1-0: Ball
2-0: Ball
3-0: Called Strike
3-1: Fly out, F9 (Flyball, 9M)
Batting: LHB Chris Bates 0-0: Ball
1-0: Ball
2-0: Ground out 5-3 (Groundball, 5S)
Batting: LHB Jeff Cole 0-0: Ball
1-0: Ground out 3-1 (Groundball, 3)
Bottom of the 7th over - 0 run(s), 0 hit(s), 0 error(s), 0 left on base; Hendersonville 4 - Baffin Island 2
TOP OF THE 8TH
Hendersonville Hitmen batting - Pitching for Baffin Island Beavers : LHP Manuel Parra
Batting: SHB David Johnstone 0-0: Called Strike
0-1: Ball
1-1: Called Strike
1-2: Ground out 6-3 (Groundball, 6)
Batting: RHB Alonso Holguín 0-0: Ball
1-0: Foul Ball, location: 2F
1-1: Foul Ball, location: 2F
1-2: Fly out, F4 (Popup, 4D)
Batting: RHB Junior Vargas 0-0: Ball
1-0: Foul Ball, location: 2F
1-1: Fly out, F3 (Popup, 23)
Top of the 8th over - 0 run(s), 0 hit(s), 0 error(s), 0 left on base; Hendersonville 4 - Baffin Island 2
BOTTOM OF THE 8TH
Baffin Island Beavers batting - Pitching for Hendersonville Hitmen : LHP Alfonso Ramos
Pitching: RHP Héctor Reyes
Batting: SHB Alonso Ferreira 0-0: Ball
1-0: Ball
2-0: Foul Ball, location: 2F
2-1: SINGLE (Groundball, 3L)
Pitching: RHP Robinson Gonzáles
Batting: LHB Jerry Bryan 0-0: Foul Ball, location: 2F
0-1: Ball
1-1: Ball
2-1: Called Strike
2-2: Strikes out swinging
Batting: RHB Tony Morton 0-0: Called Strike
0-1: Foul Ball, location: 2F
0-2: Foul Ball, location: 2F
0-2: Fly out, F7 (Flyball, 7S)
Batting: RHB José García 0-0: Ball
1-0: Foul Ball, location: 2F
1-1: Ball
2-1: Ball
3-1: Fly out, F4 (Popup, 4M)
Bottom of the 8th over - 0 run(s), 1 hit(s), 0 error(s), 1 left on base; Hendersonville 4 - Baffin Island 2
TOP OF THE 9TH
Hendersonville Hitmen batting - Pitching for Baffin Island Beavers : LHP Manuel Parra
Batting: RHB Taylor McFarland 0-0: Called Strike
0-1: Swinging Strike
0-2: Ball
1-2: Foul Ball, location: 2F
1-2: Foul Ball, location: 2F
1-2: Ball
2-2: Foul Ball, location: 2F
2-2: Fly out, F8 (Flyball, 8RM)
Batting: RHB Carlos García 0-0: Ball
1-0: Foul Ball, location: 2F
1-1: Foul Ball, location: 2F
1-2: Ball
2-2: Ball
3-2: Base on Balls
Batting: LHB Pedro Padilla 0-0: Ball
1-0: Called Strike
1-1: Foul Ball, location: 2F
1-2: Strikes out swinging
Pitching: RHP Eduardo Ramos
Batting: RHB Manolo Román 0-0: Ball
1-0: Ball
2-0: Called Strike
2-1: Ball
3-1: Foul Ball, location: 2F
3-2: Strikes out swinging
Top of the 9th over - 0 run(s), 0 hit(s), 0 error(s), 1 left on base; Hendersonville 4 - Baffin Island 2
BOTTOM OF THE 9TH
Baffin Island Beavers batting - Pitching for Hendersonville Hitmen : RHP Robinson Gonzáles
Pitching: RHP Edward Cadle
Batting: RHB Mario López 0-0: Swinging Strike
0-1: Called Strike
0-2: Foul Ball, location: 2F
0-2: Strikes out swinging
Batting: LHB Victor Howard 0-0: Ball
1-0: Called Strike
1-1: Foul Ball, location: 2F
1-2: Foul Ball, location: 2F
1-2: Ball
2-2: Fly out, F7 (Flyball, 7LMF)
Batting: RHB Bill Mark 0-0: Ground out 5-3 (Groundball, 56)
Bottom of the 9th over - 0 run(s), 0 hit(s), 0 error(s), 0 left on base; Hendersonville 4 - Baffin Island 2
This league is powered by Out of the Park Baseball, the baseball management simulation game for PC, Mac and Linux
Saturday, April 9th, 2016 - OOTP Baseball 16.8 Build 38